 Dungeon Crawl Stone Soup version 0.30-a0-743-gbfdf073431 (webtiles) character file.

Game seed: 4494793998227209361

13893 bande the Cleaver (level 12, -9/74 HPs)
             Began as a Gargoyle Fighter on Feb 6, 2023.
             Was a High Priest of Okawaru.
             Mangled by a komodo dragon (11 damage)
             ... on level 4 of the Lair of Beasts.
             The game lasted 00:21:20 (12881 turns).

bande the Cleaver (Gargoyle Fighter)               Turns: 12881, Time: 00:21:20

Health: -9/74      AC: 28    Str: 21    XL:     12   Next: 10%
Magic:  0/17       EV:  6    Int:  9    God:    Okawaru [*****.]
Gold:   726        SH:  5    Dex: 13    Spells: 11/11 levels left

rFire   . . .      SeeInvis .    J - +7 broad axe "Vul Unaf" {flame, Stlth+}
rCold   . . .      Faith    .    c - +0 buckler
rNeg    + . .      Spirit   +    s - +0 plate armour
rPois   ∞          Reflect  .    j - +0 helmet
rElec   +          Harm     .    p - +0 cloak
rCorr   +          Rampage  .    h - +1 pair of gloves
Will    .....                    (no boots) Stlth
                                 n - amulet of guardian spirit
HPRegen 0.32/turn                g - ring of resist corrosion
MPRegen 0.15/turn                H - ring of flight

@: flying
A: sickness immunity, AC +8, negative energy resistance 1, electricity
resistance, torment resistance 1, petrification resistance
a: Renounce Religion, Heroism, Finesse, Duel


You were on level 4 of the Lair of Beasts.
You worshipped Okawaru.
Okawaru was extremely pleased with you.
You visited 3 branches of the dungeon, and saw 13 of its levels.

You collected 726 gold pieces.

Inventory:

Hand Weapons
 a - a +1 war axe
 r - a +4 war axe of flaming
 y - a +2 flail of protection
 J - the +7 broad axe "Vul Unaf" (weapon) {flame, Stlth+}
   (You acquired it on level 4 of the Lair of Beasts)

   Stlth:     It makes you more stealthy.
Armour
 c - a +0 buckler (worn)
 h - a +1 pair of gloves (worn)
 j - a +0 helmet (worn)
 p - a +0 cloak (worn)
 s - a +0 plate armour (worn)
 t - a +1 ring mail of cold resistance
Jewellery
 g - a ring of resist corrosion (left hand)
 n - an amulet of guardian spirit (around neck)
 u - a ring of ice
 H - a ring of flight (right hand)
Wands
 k - a wand of flame (69)
 l - a wand of mindburst (10)
 m - a wand of charming (16)
 A - a wand of polymorph (6)
 E - a wand of iceblast (8)
 G - a wand of digging (5)
Scrolls
 b - 2 scrolls of fog
 f - a scroll of identify
 i - 9 scrolls of teleportation
 o - a scroll of enchant armour
 x - a scroll of enchant weapon
 z - 2 scrolls of blinking
 C - a scroll of brand weapon
 F - a scroll of poison
 I - 2 scrolls of fear
Potions
 d - 3 potions of might
 e - 3 potions of curing
 q - 2 potions of magic
 v - a potion of brilliance
 w - a potion of cancellation
 B - a potion of berserk rage
 D - a potion of ambrosia


   Skills:
 + Level 8.3 Fighting
 + Level 10.8 Axes
 + Level 9.2 Armour
 + Level 6.7 Shields
 * Level 7.0 Invocations
 * Level 7.0 Evocations


You had 11 spell levels left.
You didn't know any spells.
Your spell library contained the following spells:

 Spells                   Type           Power      Damage    Failure   Level
 Apportation              Tloc           0%         N/A       100%        1
 Beastly Appendage        Tmut           0%         N/A       100%        1
 Freeze                   Ice            0%         1d3       100%        1
 Necrotise                Necr           0%         1d4       100%        1
 Slow                     Hex            0%         N/A       100%        1
 Ensorcelled Hibernation  Hex/Ice        0%         N/A       100%        2
 Passwall                 Tmut/Erth      0%         N/A       100%        2
 Poisonous Vapours        Pois/Air       0%         N/A       100%        2
 Wereblood                Tmut           0%         N/A       100%        2
 Confusing Touch          Hex            0%         N/A       100%        3
 Frozen Ramparts          Ice            0%         1d1       100%        3
 Hailstorm                Conj/Ice       0%         3d3       100%        3
 Ignite Poison            Fire/Tmut/Pois 0%         N/A       100%        3
 Inner Flame              Hex/Fire       0%         N/A       100%        3
 Kindle Blastsparks       Fire/Tloc/Air  0%         2d10      100%        3
 Mephitic Cloud           Conj/Pois/Air  0%         N/A       100%        3
 Spider Form              Tmut/Pois      0%         N/A       100%        3
 Swiftness                Air            0%         N/A       100%        3
 Vampiric Draining        Necr           0%         2d6       100%        3
 Flame Wave               Conj/Fire      0%         2d4       100%        4
 Sticky Flame             Conj/Fire      0%         2d3       100%        4
 Freezing Cloud           Conj/Ice/Air   0%         6-21      100%        5
 Summon Small Mammal      Summ           Unusable   N/A       N/A         1
 Cigotuvi's Dreadful Rot  Necr/Pois/Air  Unusable   N/A       N/A         2

Dungeon Overview and Level Annotations

Branches:
Dungeon (8/15)             Temple (1/1) D:6            Lair (4/5) D:8
 Shoals (0/4) Lair:3       Spider (0/4) Lair:3
  Slime: Lair:4-5

Altars:
Ashenzari
Dithmenos
Elyvilon
Fedhas
Kikubaaqudgha
Okawaru
Qazlal
Ru
Sif Muna
Uskayaw
Vehumet
Wu Jian
Yredelemnul

Shops:
D:4 *   D:7 *

Annotations:
D:7 1 runed translucent door
Lair:2 2 runed translucent doors, Monkooky's ghost, journeyman DgAr
Lair:4 exclusion: oklob plant


Innate Abilities, Weirdness & Mutations

You are immune to sickness and miasma.
Your stone body is resilient. (AC +8)
You are immune to poison.
You resist negative energy. (rN+)
You are resistant to electric shocks. (rElec)
You are resistant to unholy torment.
You are immune to petrification.


Message History

You slash the komodo dragon! You burn the komodo dragon.
You barely miss the anaconda.
The anaconda bites you but does no damage.
The anaconda constricts you. The komodo dragon bites you.
The anaconda bites you! The anaconda constricts you. The death yak gores you.
Unknown command.
You barely miss the death yak.
The death yak is severely wounded.
You hit the anaconda. You burn the anaconda. You slash the komodo dragon!
You burn the komodo dragon. You hit the manticore but do no damage.
The anaconda bites you. The anaconda constricts you.
* * * LOW HITPOINT WARNING * * *
The komodo dragon completely misses you.
The death yak gores you but does no damage.
The manticore bites you but does no damage.
The manticore claws you but does no damage.
You block the manticore's attack.
The anaconda bites you but does no damage.
The anaconda constricts you. The komodo dragon bites you!!
* * * LOW HITPOINT WARNING * * *
You barely miss the death yak.
The death yak is severely wounded.
You slash the anaconda! You burn the anaconda!
You kill the anaconda!
Okawaru is honoured by your kill.
You hit the komodo dragon but do no damage.
You hit the manticore. You burn the manticore.
The death yak gores you but does no damage.
The manticore completely misses you. x3; The komodo dragon barely misses you.
Your Invocations skill increases to level 7!
Unknown command.
You slash the death yak! You burn the death yak.
The death yak is almost dead.
You hit the komodo dragon. You burn the komodo dragon. You hit the manticore.
You burn the manticore. The death yak gores you!
* * * LOW HITPOINT WARNING * * *
You block the manticore's attack.
The manticore claws you but does no damage.
You block the manticore's attack. The komodo dragon bites you!
You die...

##≈~.....~≈≈......P###
#≈≈~..#.....#....P....
#≈≈~..#...............
#≈~..####.............
#≈~..## ##............
#≈≈≈..# ####).......P
#≈≈≈..# #.......##
##≈≈..## ##.....##
#≈≈H@.# #.....#
#≈≈≈Yl.# ##.....#
..t≈≈≈~Y...#
##P.....##
..~≈≈≈≈≈...#
#........##
..~≈≈≈≈≈~≈..#
###.....##.
#.≈≈≈≈≈≈≈≈..#
#........
#..≈≈≈≈≈≈..≈#
###...... ...≈~~~....#
#P...... #.......


You could see a death yak, a fire crab, a manticore, a komodo dragon and a yak.

Vanquished Creatures
  A hydra (Lair:4)
  An anaconda (Lair:4)
  2 harpies
  6 cane toads
  3 komodo dragons (Lair:3)
  A troll (D:7)
  A polar bear (Lair:1)
  4 dream sheep (Lair:4)
  3 culicivoras (Lair:3)
  4 wyverns
  8 yaks
  4 basilisks
  2 steam dragons
  6 water moccasins
  Duvessa (D:6)
  4 black bears
  An orc warrior (D:7)
  2 sky beasts (D:7)
  14 wolves
  2 ogres
  2 centaurs
  A phantom (D:6)
  5 bullfrogs
  3 necrophages
  A gnoll sergeant (D:8)
  A scorpion (D:5)
  11 wights (D:7)
  Dowan (D:6)
  4 killer bees (D:6)
  2 howler monkeys (D:5)
  2 electric eels (D:8)
  3 orc priests
  4 hounds
  2 iguanas
  Ijyb (D:4)
  9 orc wizards
  7 gnolls
  8 adders
  A white imp (D:7)
  An ufetubus (D:4)
  2 worms (D:2)
  3 dart slugs
  32 orcs
  11 endoplasms
  7 giant cockroaches
  8 hobgoblins
  14 jackals
  2 quokkas
  7 ball pythons
  11 bats
  5 frilled lizards
  7 goblins
  7 kobolds
  2 rats
257 creatures vanquished.

Vanquished Creatures (others)
  An electric eel (Lair:4)
  An orc (D:8)
  3 fungi
  A plant (Lair:3)
6 creatures vanquished.

Grand Total: 263 creatures vanquished

Notes
Turn   | Place    | Note
-------+----------+-------------------------------------------
     0 | D:1      | bande the Gargoyle Fighter began the quest for the Orb.
     0 | D:1      | Reached XP level 1. HP: 14/14 MP: 1/1
   128 | D:1      | Reached XP level 2. HP: 18/19 MP: 2/2
   283 | D:1      | Reached skill level 2 in Axes
   311 | D:1      | Reached XP level 3. HP: 23/23 MP: 3/3
   587 | D:2      | Reached XP level 4. HP: 24/29 MP: 4/4
  1127 | D:3      | Reached skill level 3 in Axes
  1262 | D:3      | Reached XP level 5. HP: 33/33 MP: 5/5
  1519 | D:3      | Found a sacrificial altar of Ru.
  1614 | D:3      | Found a blossoming altar of Fedhas.
  1932 | D:4      | Noticed a black bear
  1940 | D:4      | Killed a black bear
  1941 | D:4      | Reached skill level 1 in Evocations
  1941 | D:4      | Reached XP level 6. HP: 34/38 MP: 6/6
  2047 | D:4      | Noticed Ijyb
  2068 | D:4      | Reached skill level 4 in Axes
  2073 | D:4      | Killed Ijyb
  2110 | D:4      | Found Hiros's General Store.
  2652 | D:4      | Reached XP level 7. HP: 43/43 MP: 7/7
  2794 | D:5      | Entered Level 5 of the Dungeon
  2954 | D:5      | Reached skill level 5 in Axes
  2954 | D:5      | Reached skill level 5 in Armour
  3205 | D:5      | Reached XP level 8. HP: 48/48 MP: 8/8
  3585 | D:6      | Noticed Duvessa
  3987 | D:6      | Noticed Dowan
  3989 | D:6      | Killed Duvessa
  3990 | D:6      | Reached skill level 6 in Axes
  3998 | D:6      | Killed Dowan
  3999 | D:6      | Reached skill level 5 in Fighting
  4553 | D:6      | Found a staircase to the Ecumenical Temple.
  4559 | Temple   | Entered the Ecumenical Temple
  4566 | Temple   | Became a worshipper of Warmaster Okawaru
  4798 | D:6      | Reached skill level 5 in Shields
  4798 | D:6      | Reached XP level 9. HP: 42/54 MP: 9/9
  4810 | D:6      | Reached skill level 7 in Axes
  4810 | D:6      | Reached skill level 1 in Invocations
  5338 | D:6      | Reached * piety under Okawaru
  5540 | D:7      | Found a broken altar of Ashenzari.
  5558 | D:7      | Found a runed translucent door.
  5784 | D:7      | Found Neyseeck's CLEARANCE SALE!.
  6410 | D:7      | Noticed a sixfirhy
  6446 | D:7      | Reached ** piety under Okawaru
  6506 | D:7      | Reached skill level 8 in Axes
  6826 | D:8      | Noticed a troll
  6841 | D:7      | Killed a troll
  6842 | D:7      | Reached XP level 10. HP: 53/60 MP: 10/12
  6972 | D:7      | Reached skill level 5 in Evocations
  7037 | D:8      | Reached *** piety under Okawaru
  7178 | D:7      | Received a gift from Okawaru
  7247 | D:8      | Found a staircase to the Lair.
  7970 | D:8      | Reached skill level 9 in Axes
  8249 | Lair:1   | Entered Level 1 of the Lair of Beasts
  8301 | Lair:1   | Reached **** piety under Okawaru
  8743 | Lair:1   | Identified the +9 war axe of Beih {flame, rC+ Int-3 Dex+3}
  8915 | Lair:1   | Reached skill level 5 in Invocations
  9033 | Lair:1   | Found a radiant altar of Vehumet.
 10029 | Lair:2   | Noticed a cane toad
 10044 | Lair:2   | Killed a cane toad
 10365 | Lair:2   | Found a large runed translucent door.
 10365 | Lair:2   | Found a large runed translucent door.
 10366 | Lair:2   | Noticed Monkooky's ghost (journeyman DgAr)
 10859 | Lair:3   | Noticed a cane toad
 10861 | Lair:3   | Noticed a cane toad
 10866 | Lair:3   | Killed a cane toad
 10867 | Lair:3   | Reached XP level 11. HP: 54/67 MP: 9/15
 11130 | Lair:3   | Reached ***** piety under Okawaru
 11443 | Lair:3   | Reached skill level 10 in Axes
 11473 | Lair:3   | Noticed a harpy
 11543 | Lair:3   | Noticed a harpy
 11559 | Lair:2   | Killed a harpy
 11860 | Lair:3   | Killed a harpy
 11885 | Lair:3   | Found a staircase to the Shoals.
 12014 | Lair:3   | Found a hole to the Spider Nest.
 12189 | Lair:4   | Received a gift from Okawaru
 12496 | Lair:4   | Noticed a four-headed hydra
 12503 | Lair:4   | Killed a one-headed hydra
 12612 | Lair:4   | Identified a scroll of acquirement
 12612 | Lair:4   | Acquired the +7 broad axe "Vul Unaf" {flame, Stlth+}
 12638 | Lair:4   | Reached XP level 12. HP: 68/73 MP: 14/17
 12871 | Lair:4   | Noticed a death yak
 12871 | Lair:4   | Noticed an anaconda
 12880 | Lair:4   | Killed an anaconda
 12881 | Lair:4   | HP: 2/74 [death yak (6)]
 12881 | Lair:4   | Mangled by a komodo dragon

Illustrated notes

Levels and vault maps discovered:
D:1:      wander_arrival_estate, layout_rooms, minmay_worlds_worst_comb
D:2:      layout_rooms
D:3:      layout_rooms, lemuel_coloured_pillars_altar,
          nicolae_ru_the_path_less_chosen
D:4:      kb_forest_paths, layout_basic, serial_shops,
          nicolae_shop_hallway_stairs, minmay_a_box_with_orc_wizards_in_it,
          uniq_ijyb
D:5:      layout_rooms
D:6:      layout_cave_pods, minmay_temple_entry_fiery, uniq_duvessa
D:7:      cheibrodos_shockbox, layout_loops_ring, kennysheep_mini_moat,
          minmay_door_square, nicolae_shop_clearance
D:8:      layout_loops_cross, erik_lair_island
Temple:   compressed_dpeg_triangle_lava_temple
Lair:1:   layout_layer_cave, basic_altar
Lair:2:   layout_cave_pods, ebering_ghost_disaster_area, roderic_batcave,
          infiniplex_staircase_pool, grunt_megastairs_3
Lair:3:   layout_cave_shapes, nicolae_shoals_entry_roost,
          hellmonk_spider_entry_life_and_decay
Lair:4:   layout_cellular_growth, minmay_slime_entry_oklob_enclosed,
          serial_forest, infiniplex_forest_clump_medium,
          infiniplex_forest_corner_1, infiniplex_forest_straight_4,
          infiniplex_forest_lined_room_, infiniplex_forest_straight_2,
          infiniplex_forest_clump_curved, infiniplex_forest_end_2,
          chequers_serial_rivers_micro_c, nicolae_lair_lakeside_cave,
          serial_bayou_shore_b

Skill      XL: |  1  2  3  4  5  6  7  8  9 10 11 12 |
---------------+-------------------------------------+-----
Axes           | 2 3 4 5 6 8 9 10 | 10.8
Shields        | 4 5 6 |  6.7
Armour         | 4 5 6 7 9 |  9.2
Fighting       | 4 5 6 7 8 |  8.3
Evocations     | 1 2 3 4 5 6 7 |  7.0
Invocations    | 3 5 6 7 |  7.0

Action                     |  1- 3 |  4- 6 |  7- 9 | 10-12 || total
---------------------------+-------+-------+-------+-------++-------
  Melee: War axe           |    89 |   180 |   367 |   335 ||   971
         Broad axe         |       |       |       |    19 ||    19
    Use: Scroll            |     3 |    12 |     3 |     6 ||    24
         Potion            |       |       |     1 |     3 ||     4
 Armour: Scale mail        |    48 |    41 |       |       ||    89
         Plate armour      |       |   124 |   395 |   387 ||   906
         Chain mail        |       |    32 |       |       ||    32
  Dodge: Dodged            |    60 |    88 |   138 |   122 ||   408
  Block: Buckler           |    27 |    40 |    92 |   130 ||   289

Table legend: (Time is in decaauts)
 A = Elapsed time spent in this place.
 B = Non-inter-level travel time spent in this place.
 C = Inter-level travel time spent in this place.
 D = Time resting spent in this place.
 E = Time spent auto-exploring this place.
 F = Levels seen in this place.
 G = Mean time per level.
                   A        B        C        D        E       F      G
               +--------+--------+--------+--------+--------+-----+--------+
         Total |  13110 |  12870 |    240 |   2978 |   7406 |  13 | 1008.5 |
       Dungeon |   8449 |   8281 |    168 |   2135 |   4208 |   8 | 1056.1 |
        Temple |     16 |     16 |      0 |      0 |      0 |   1 |   16.0 |
          Lair |   4644 |   4572 |     72 |    843 |   3198 |   4 | 1161.0 |
               +--------+--------+--------+--------+--------+-----+--------+

Top non-repeatable levels by time:
     D:7: 1969 daAuts
  Lair:1: 1560 daAuts
     D:6: 1514 daAuts
  Lair:2: 1494 daAuts
     D:5: 1202 daAuts
     D:4: 1149 daAuts
  Lair:3: 862 daAuts
     D:8: 861 daAuts
  Lair:4: 726 daAuts
     D:2: 608 daAuts
     D:3: 588 daAuts
     D:1: 556 daAuts
  Temple: 16 daAuts
